 Dungeon Crawl Stone Soup version 0.23.2-11-gf996548c65 (webtiles) character file.

Game seed: 9652715451515534742

241 Gazerockf the Covert (level 6, -2/31 HPs)
             Began as a Kobold Hunter on June 4, 2019.
             Was an Initiate of Hepliaklqana.
             Killed from afar by Sigmund (5 damage)
             ... with a magic dart
             ... on level 3 of the Dungeon.
             The game lasted 00:06:26 (2049 turns).

Gazerockf the Covert (Kobold Hunter)                Turns: 2049, Time: 00:06:26

Health: -2/31      AC:  3    Str:  9    XL:     6   Next: 30%
Magic:  6/6        EV: 15    Int: 13    God:    Hepliaklqana [......]
Gold:   118        SH:  0    Dex: 17    Spells: 5/5 levels left

rFire    . . .     SeeInvis .   a - +1 hand crossbow
rCold    . . .     Gourm    .   (shield restricted)
rNeg     + . .     Faith    .   m - +1 robe {MR+}
rPois    .         Spirit   .   (no helmet)
rElec    .         Reflect  .   (no cloak)
rCorr    .         Harm     .   (no gloves)
MR       +....                  (no boots)
Stlth    ++++......             (no amulet)
HPRegen  0.10/turn              l - ring of positive energy
MPRegen  0.10/turn              (no ring)

@: no status effects
A: small, reduced essence, carnivore
a: Recall Ancestor, Ancestor Identity, Renounce Religion


You were on level 3 of the Dungeon.
You worshipped Hepliaklqana.
Hepliaklqana was noncommittal.
You were not hungry.

You visited 1 branch of the dungeon, and saw 3 of its levels.

You collected 118 gold pieces.

Inventory:

Hand Weapons
 a - a +1 hand crossbow (weapon)
 b - a +0 short sword
Missiles
 d - 19 bolts (quivered)
Armour
 c - a +0 leather armour
 m - a +1 robe of magic resistance (worn)
Jewellery
 j - a +4 ring of slaying {unknown}
 l - a ring of positive energy (left hand)
Scrolls
 g - a scroll of blinking
 k - a scroll of remove curse {unknown}
 n - a scroll of enchant weapon {unknown}
 o - 3 scrolls of enchant armour {unknown}
Potions
 e - a potion of ambrosia {unknown}
 h - a potion of might {unknown}
 i - 2 potions of degeneration {unknown}
Comestibles
 f - 5 rations


   Skills:
 - Level 2.1 Fighting
 - Level 4.8 Crossbows
 - Level 2.4 Dodging
 * Level 8.5 Stealth


You had 5 spell levels left.
You didn't know any spells.
Your spell library was empty.

Dungeon Overview and Level Annotations

Branches:
Dungeon (3/15)

Altars:
Hepliaklqana
Kikubaaqudgha
Zin

Shops:
D:2 *

Annotations:
D:3 Sigmund


Innate Abilities, Weirdness & Mutations

You are small and have problems with some larger weapons.
You are carnivorous and can eat meat at any time.
Your life essence is reduced to manifest your ancestor. (-10% HP)


Message History

Zola hits the plant but does no damage.
Something hits you.
* * * LOW HITPOINT WARNING * * *
You swap places.
Zola hits something.
Something hits Zola.
Firing (i - inventory)
d - 20 bolts (quivered)
Press: ? - help, Shift-Dir - straight line, f - you
Okay, then.
Zola closely misses something.
Something hits Zola.
Something hits Zola.
There is a stone staircase leading up here.
Zola hits something but does no damage.
Zola resists with significant effort.
Found a scroll of identify.
Found a ration.
Firing (i - inventory)
d - 20 bolts (quivered)
Press: ? - help, Shift-Dir - straight line You shoot a bolt.
Zola barely misses something.
A magic dart appears from out of thin air!
The magic dart hits you.
You die...

#......##.......##.#..###
#......########.##.##...#
#......# #.##.####.##
######## #.).†...†..##
#.†..(...#..#
#........##.#
%#######........##.#
.?...........).....#####
#...<@......<.#.†.....
#####....<.....#.#####
##............#
#........#####
#>..^.R{.###(#
########..P.# ###..# ####


You could see the friendly Zola the ancestor.

Vanquished Creatures
  2 orc wizards (D:3)
  7 adders
  4 gnolls (D:2)
  An ooze (D:1)
  3 dart slugs
  3 leopard geckos
  2 orcs (D:3)
  3 ball pythons
  9 bats
  4 giant cockroaches
  9 goblins
  4 hobgoblins
  3 quokkas
  7 frilled lizards
  5 kobolds
  8 rats
74 creatures vanquished.

Vanquished Creatures (collateral kills)
  An orc (D:3)
  A goblin (D:3)
  A hobgoblin (D:3)
3 creatures vanquished.

Vanquished Creatures (others)
  An ancestor (D:2)
1 creature vanquished.

Grand Total: 78 creatures vanquished

Notes
Turn   | Place    | Note
-------+----------+-------------------------------------------
     0 | D:1      | Gazerockf the Kobold Hunter began the quest for the Orb.
     0 | D:1      | Reached XP level 1. HP: 12/12 MP: 1/1
   217 | D:1      | Reached skill level 2 in Stealth
   361 | D:1      | Reached XP level 2. HP: 17/17 MP: 2/2
   362 | D:1      | Reached skill level 3 in Stealth
   537 | D:1      | Reached skill level 4 in Stealth
   537 | D:1      | Reached XP level 3. HP: 21/21 MP: 3/3
   991 | D:2      | Found Zin's Purification Station.
   994 | D:2      | Found a glowing silver altar of Zin.
  1173 | D:2      | Reached skill level 5 in Stealth
  1173 | D:2      | Reached XP level 4. HP: 18/26 MP: 4/4
  1266 | D:2      | Found a hazy altar of Hepliaklqana.
  1282 | D:2      | Became a worshipper of Hepliaklqana the Forgotten
  1364 | D:2      | Reached skill level 6 in Stealth
  1365 | D:2      | Found an ancient bone altar of Kikubaaqudgha.
  1408 | D:2      | Reached XP level 5. HP: 24/27 MP: 5/5
  1505 | D:2      | Reached skill level 7 in Stealth
  1791 | D:3      | Reached skill level 8 in Stealth
  1791 | D:3      | Reached XP level 6. HP: 17/31 MP: 6/6
  2027 | D:3      | Noticed Sigmund
  2049 | D:3      | Killed from afar by Sigmund

Skill      XL: |  1  2  3  4  5 |
---------------+----------------+-----
Stealth        | 2 4 5 6 8 |  8.5
Fighting       | |  2.1
Crossbows      | |  4.8
Dodging        | |  2.4

Action                   |  1- 3 |  4- 6 || total
-------------------------+-------+-------++-------
 Fire: Hand crossbow     |    55 |    99 ||   154
Invok: Recall Ancestor   |       |     2 ||     2
       Ancestor Identity |       |     1 ||     1
  Use: Scroll            |     5 |       ||     5
  Eat: Chunk             |       |     5 ||     5
Armor: Robe              |     1 |     3 ||     4
Dodge: Dodged            |     8 |    23 ||    31
